[ AOE2 MATCH · #485962988 ]
UnrankedPoles vs Cumans
Player's team · LOSS
Rival team · WIN
[ REPLAY ANALYSIS · EXTRACTED FROM THE RECORDED GAME ]
Feudal
9:43
Castle
21:15
Imperial
39:54
| APM avg | 36.2 |
| APM peak | 75 |
| eAPM avg | 25.3 |
| Villagers / military | 140 / 241 |
Focus
⚔️ 37.4% · 🌾 62.6%
Archer ×82 · Spearman ×78 · Knight ×70 · Obuch ×5 · Bombard Cannon ×4 · Monk ×2
Feudal
8:51
Castle
24:04
Imperial
33:17
| APM avg | 48.4 |
| APM peak | 84 |
| eAPM avg | 25.8 |
| Villagers / military | 178 / 297 |
Focus
⚔️ 37.0% · 🌾 63.0%
Knight ×135 · Spearman ×121 · Kipchak ×20 · Trebuchet (Packed) ×9 · Battering Ram ×5 · Scout Cavalry ×5
Match map
Initial resources + every placement click. Lines = walls · curves = elevation contours. ◆ gold · ⬟ stone · ● berries · ✦ relic · ◌ wall gap
Your base· ✓ Closed at 21:15 · 8t walls · 3 gate(s)
Ringo_Bonavena's base· ✓ Closed at 24:04 · 3t walls · 2 gate(s)
Smoothed initial terrain · ◌ = detected wall gap · hover for details
Inputs per minute
— PSX | King - - Ringo_Bonavena
Build order — PSX | King
First 150 of 469 actions detected
| 0:00 | Create | Villager (Male) |
| 0:00 | Create | Villager (Male) |
| 0:02 | Build | House |
| 0:04 | Build | House |
| 0:08 | Create | Villager (Male) |
| 0:08 | Create | Villager (Male) |
| 1:25 | Create | Villager (Male) |
| 1:44 | Build | Lumber Camp |
| 1:48 | Create | Villager (Male) |
| 2:20 | Create | Villager (Male) |
| 2:35 | Create | Villager (Male) |
| 3:02 | Build | House |
| 3:06 | Create | Villager (Male) |
| 3:35 | Create | Villager (Male) |
| 3:35 | Create | Villager (Male) |
| 4:06 | Create | Villager (Male) |
| 4:24 | Create | Villager (Male) |
| 4:45 | Create | Villager (Male) |
| 4:46 | Create | Villager (Male) |
| 5:26 | Create | Villager (Male) |
| 5:28 | Create | Villager (Male) |
| 5:46 | Create | Villager (Male) |
| 5:48 | Research | Loom |
| 6:01 | Build | Mill |
| 7:26 | Create | Villager (Male) |
| 7:33 | Research | Feudal Age |
| 7:58 | Build | House |
| 8:15 | Build | Mining Camp |
| 8:35 | Create | Villager (Male) |
| 8:36 | Create | Villager (Male) |
| 9:19 | Build | House |
| 9:21 | Create | Villager (Male) |
| 9:43 | Age | Feudal Age |
| 9:45 | Build | Watch Tower |
| 9:49 | Build | Blacksmith |
| 9:50 | Build | House |
| 9:54 | Research | Double-Bit Axe |
| 9:59 | Create | Villager (Male) |
| 10:34 | Create | Villager (Male) |
| 10:53 | Create | Villager (Male) |
| 10:58 | Research | Fletching |
| 11:22 | Create | Villager (Male) |
| 11:41 | Create | Villager (Male) |
| 11:54 | Build | Farm |
| 11:55 | Build | Farm |
| 12:01 | Create | Villager (Male) |
| 12:27 | Create | Villager (Male) |
| 12:30 | Build | Farm |
| 12:32 | Build | Farm |
| 13:06 | Create | Villager (Male) |
| 13:17 | Create | Villager (Male) |
| 13:23 | Build | Palisade Wall |
| 13:25 | Build | Palisade Wall |
| 13:36 | Create | Villager (Male) |
| 13:45 | Build | Watch Tower |
| 13:47 | Create | Villager (Male) |
| 13:50 | Build | Farm |
| 13:52 | Build | Farm |
| 14:03 | Create | Villager (Male) |
| 14:31 | Research | Town Watch |
| 14:39 | Build | Outpost |
| 14:42 | Create | Villager (Male) |
| 14:47 | Build | Farm |
| 15:03 | Build | Farm |
| 15:22 | Create | Villager (Male) |
| 15:24 | Build | Watch Tower |
| 15:40 | Build | Watch Tower |
| 15:43 | Create | Villager (Male) |
| 15:46 | Build | House |
| 16:08 | Create | Villager (Male) |
| 16:17 | Build | Mining Camp |
| 16:37 | Build | Palisade Wall |
| 16:38 | Build | Palisade Wall |
| 16:40 | Build | Palisade Wall |
| 16:45 | Create | Villager (Male) |
| 16:50 | Build | Palisade Wall |
| 16:51 | Build | Palisade Wall |
| 16:57 | Create | Villager (Male) |
| 17:03 | Build | Palisade Wall |
| 17:16 | Create | Villager (Male) |
| 17:20 | Build | Farm |
| 17:21 | Build | Farm |
| 17:27 | Build | Market |
| 17:35 | Build | Palisade Gate |
| 17:45 | Create | Villager (Male) |
| 18:08 | Create | Villager (Male) |
| 18:11 | Build | House |
| 18:14 | Build | House |
| 18:35 | Research | Castle Age |
| 18:51 | Build | Mill |
| 18:51 | Build | Farm |
| 18:52 | Build | Farm |
| 18:52 | Build | Farm |
| 18:52 | Build | Farm |
| 18:53 | Build | Farm |
| 18:53 | Build | Farm |
| 18:53 | Build | Farm |
| 19:04 | Create | Villager (Male) |
| 19:13 | Build | Palisade Gate |
| 19:31 | Create | Villager (Male) |
| 20:02 | Build | Palisade Gate |
| 20:18 | Build | Watch Tower |
| 20:32 | Build | Farm |
| 20:36 | Build | Farm |
| 20:37 | Build | Farm |
| 20:38 | Build | Farm |
| 20:39 | Build | Farm |
| 20:47 | Build | Palisade Wall |
| 21:07 | Build | Watch Tower |
| 21:15 | Age | Castle Age |
| 21:18 | Research | Bodkin Arrow |
| 21:18 | Create | Villager (Male) |
| 21:28 | Build | University |
| 22:11 | Create | Villager (Male) |
| 22:50 | Research | Guard Tower (upgrade) |
| 22:51 | Create | Villager (Male) |
| 23:04 | Create | Villager (Male) |
| 23:23 | Build | Palisade Wall |
| 23:28 | Create | Villager (Male) |
| 23:29 | Research | Murder Holes |
| 23:39 | Build | Farm |
| 23:41 | Build | Farm |
| 23:49 | Research | Bow Saw |
| 24:01 | Create | Villager (Male) |
| 24:21 | Research | Wheelbarrow |
| 24:23 | Research | Horse Collar |
| 24:29 | Build | House |
| 24:35 | Build | Farm |
| 24:39 | Create | Villager (Male) |
| 25:14 | Research | Ballistics |
| 25:14 | Create | Villager (Male) |
| 25:44 | Build | Barracks |
| 25:48 | Create | Villager (Male) |
| 25:48 | Create | Villager (Male) |
| 25:49 | Create | Villager (Male) |
| 25:50 | Build | House |
| 26:15 | Build | Town Center |
| 26:37 | Build | Farm |
| 26:51 | Build | Monastery |
| 26:56 | Create | Villager (Male) |
| 27:12 | Create | Villager (Male) |
| 27:14 | Create | Villager (Male) |
| 27:23 | Build | Stable |
| 27:32 | Research | Scale Barding Armor |
| 27:33 | Create | Villager (Male) |
| 27:40 | Build | House |
| 27:41 | Create | Monk |
| 27:45 | Create | Villager (Male) |
| 27:57 | Build | House |
| 28:05 | Build | Outpost |
Build order — Ringo_Bonavena
First 150 of 476 actions detected
| 0:01 | Create | Villager (Male) |
| 0:01 | Create | Villager (Male) |
| 0:01 | Create | Villager (Male) |
| 0:02 | Build | House |
| 0:04 | Build | House |
| 0:11 | Create | Villager (Male) |
| 1:24 | Create | Villager (Male) |
| 1:40 | Create | Villager (Male) |
| 1:40 | Create | Villager (Male) |
| 1:40 | Create | Villager (Male) |
| 2:17 | Create | Villager (Male) |
| 2:17 | Create | Villager (Male) |
| 2:26 | Create | Villager (Male) |
| 2:29 | Build | Lumber Camp |
| 2:56 | Create | Villager (Male) |
| 2:56 | Create | Villager (Male) |
| 3:27 | Build | House |
| 3:33 | Create | Villager (Male) |
| 3:33 | Create | Villager (Male) |
| 3:33 | Create | Villager (Male) |
| 3:57 | Create | Villager (Male) |
| 4:17 | Create | Villager (Male) |
| 4:18 | Create | Villager (Male) |
| 4:30 | Create | Villager (Male) |
| 5:09 | Create | Villager (Male) |
| 5:15 | Build | Mill |
| 5:53 | Create | Villager (Male) |
| 6:37 | Research | Feudal Age |
| 7:31 | Build | House |
| 8:51 | Create | Villager (Male) |
| 8:51 | Age | Feudal Age |
| 8:51 | Create | Villager (Male) |
| 8:58 | Build | Town Center |
| 9:20 | Create | Villager (Male) |
| 9:45 | Build | House |
| 9:54 | Build | House |
| 9:59 | Create | Villager (Male) |
| 10:07 | Create | Villager (Male) |
| 10:10 | Research | Loom |
| 10:11 | Create | Villager (Male) |
| 10:11 | Create | Villager (Male) |
| 10:38 | Build | Watch Tower |
| 10:48 | Build | Market |
| 10:58 | Create | Villager (Male) |
| 10:58 | Create | Villager (Male) |
| 11:18 | Build | Market |
| 11:22 | Build | House |
| 11:25 | Create | Villager (Male) ×3 |
| 11:25 | Create | Villager (Male) ×3 |
| 11:53 | Build | Watch Tower |
| 11:57 | Create | Villager (Male) |
| 11:57 | Create | Villager (Male) |
| 12:08 | Build | Farm |
| 12:11 | Build | Farm |
| 12:30 | Create | Villager (Male) |
| 12:53 | Create | Villager (Male) |
| 12:53 | Create | Villager (Male) |
| 12:53 | Create | Villager (Male) |
| 13:13 | Create | Villager (Male) ×2 |
| 13:14 | Create | Villager (Male) ×2 |
| 13:22 | Build | Farm |
| 13:23 | Build | Farm |
| 13:24 | Build | Farm |
| 13:45 | Create | Villager (Male) |
| 13:45 | Create | Villager (Male) |
| 13:45 | Create | Villager (Male) |
| 13:46 | Create | Villager (Male) |
| 14:08 | Build | House |
| 14:10 | Create | Villager (Male) ×3 |
| 14:10 | Create | Villager (Male) ×3 |
| 14:14 | Build | House |
| 14:23 | Build | Farm |
| 14:25 | Build | Farm |
| 14:36 | Build | House |
| 14:41 | Build | Watch Tower |
| 14:43 | Create | Villager (Male) |
| 14:52 | Create | Villager (Male) ×2 |
| 14:54 | Build | Farm |
| 14:55 | Build | Farm |
| 15:15 | Create | Villager (Male) |
| 15:42 | Create | Villager (Male) |
| 15:53 | Build | Farm |
| 15:55 | Build | Farm |
| 15:56 | Build | Farm |
| 16:06 | Create | Villager (Male) ×2 |
| 16:06 | Create | Villager (Male) ×2 |
| 16:11 | Build | Blacksmith |
| 16:22 | Build | Watch Tower |
| 16:34 | Create | Villager (Male) |
| 16:34 | Create | Villager (Male) |
| 16:44 | Build | Palisade Wall |
| 16:50 | Build | Palisade Wall |
| 16:53 | Build | Palisade Wall |
| 17:03 | Create | Villager (Male) ×3 |
| 17:09 | Build | Mining Camp |
| 17:15 | Build | Farm |
| 17:17 | Build | Farm |
| 17:20 | Build | Farm |
| 17:21 | Create | Villager (Male) |
| 17:33 | Build | Watch Tower |
| 17:35 | Build | Farm |
| 17:36 | Create | Villager (Male) |
| 17:54 | Create | Villager (Male) |
| 18:10 | Build | Farm |
| 18:25 | Build | Farm |
| 18:29 | Research | Fletching |
| 18:31 | Build | Farm |
| 18:34 | Create | Villager (Male) ×3 |
| 18:34 | Create | Villager (Male) ×3 |
| 18:40 | Build | House |
| 18:40 | Build | House |
| 18:46 | Research | Wheelbarrow |
| 18:59 | Create | Villager (Male) |
| 19:19 | Build | Farm |
| 19:20 | Create | Villager (Male) ×2 |
| 19:34 | Build | Farm |
| 19:41 | Build | House |
| 19:42 | Build | House |
| 20:00 | Build | Farm |
| 20:18 | Create | Villager (Male) |
| 20:18 | Create | Villager (Male) |
| 20:18 | Create | Villager (Male) |
| 20:40 | Build | Watch Tower |
| 20:41 | Build | Watch Tower |
| 20:48 | Create | Villager (Male) |
| 20:49 | Create | Villager (Male) |
| 21:09 | Create | Villager (Male) |
| 21:18 | Build | Farm |
| 21:24 | Research | Castle Age |
| 21:37 | Build | Watch Tower |
| 21:39 | Create | Villager (Male) ×2 |
| 22:05 | Create | Villager (Male) ×4 |
| 22:17 | Build | Farm |
| 22:18 | Create | Villager (Male) |
| 22:32 | Research | Horse Collar |
| 22:48 | Build | Watch Tower |
| 22:53 | Build | Farm |
| 22:55 | Build | Farm |
| 23:02 | Create | Villager (Male) ×5 |
| 23:05 | Build | Farm |
| 23:09 | Build | Farm |
| 23:09 | Build | Farm |
| 23:45 | Create | Villager (Male) |
| 23:54 | Build | Farm |
| 24:04 | Age | Castle Age |
| 24:10 | Research | Double-Bit Axe |
| 24:23 | Build | University |
| 24:25 | Create | Villager (Male) |
| 24:36 | Research | Bodkin Arrow |
| 24:38 | Build | Farm |
Match timeline
| 8:51 | Ringo_Bonavena · age_up feudal |
| 9:43 | PSX | King · age_up feudal |
| 13:23 | PSX | King · wall_segment Palisade Wall x1 |
| 13:25 | PSX | King · wall_segment Palisade Wall x1 |
| 16:37 | PSX | King · wall_segment Palisade Wall x1 |
| 16:38 | PSX | King · wall_segment Palisade Wall x1 |
| 16:40 | PSX | King · wall_segment Palisade Wall x1 |
| 16:44 | Ringo_Bonavena · wall_segment Palisade Wall x1 |
| 16:50 | PSX | King · wall_segment Palisade Wall x1 |
| 16:50 | Ringo_Bonavena · wall_segment Palisade Wall x1 |
| 16:51 | PSX | King · wall_segment Palisade Wall x1 |
| 16:53 | Ringo_Bonavena · wall_segment Palisade Wall x1 |
| 17:03 | PSX | King · wall_segment Palisade Wall x1 |
| 18:30 | PSX | King · first_market_buy 100 food |
| 18:35 | PSX | King · first_market_sell 100 stone |
| 20:47 | PSX | King · wall_segment Palisade Wall x1 |
| 21:13 | Ringo_Bonavena · first_market_buy 100 food |
| 21:15 | PSX | King · age_up castle |
| 23:23 | PSX | King · wall_segment Palisade Wall x1 |
| 24:04 | Ringo_Bonavena · age_up castle |
| 25:06 | Ringo_Bonavena · first_building Castle |
| 25:44 | PSX | King · first_building Barracks |
| 26:51 | PSX | King · first_building Monastery |
| 27:23 | PSX | King · first_building Stable |
| 30:18 | Ringo_Bonavena · first_building Siege Workshop |
| 30:28 | PSX | King · first_building Castle |
| 31:29 | Ringo_Bonavena · first_building Barracks |
| 33:17 | Ringo_Bonavena · age_up imperial |
| 36:20 | Ringo_Bonavena · first_market_sell 100 food |
| 36:30 | PSX | King · first_building Archery Range |
| 39:25 | Ringo_Bonavena · first_building Stable |
| 39:29 | Ringo_Bonavena · first_building Monastery |
| 39:54 | PSX | King · age_up imperial |
| 40:16 | PSX | King · wall_segment Palisade Wall x1 |
| 40:20 | PSX | King · wall_segment Stone Wall x1 |
| 40:21 | PSX | King · wall_segment Stone Wall x1 |
| 40:21 | PSX | King · wall_segment Stone Wall x1 |
| 40:22 | PSX | King · wall_segment Stone Wall x1 |
| 40:22 | PSX | King · wall_segment Stone Wall x1 |
| 40:23 | PSX | King · wall_segment Stone Wall x1 |
| 40:24 | PSX | King · wall_segment Stone Wall x1 |
| 40:24 | PSX | King · wall_segment Stone Wall x1 |
| 40:25 | PSX | King · wall_segment Stone Wall x1 |
| 40:25 | PSX | King · wall_segment Stone Wall x1 |
| 40:31 | PSX | King · wall_segment Stone Wall x3 |
| 40:32 | PSX | King · wall_segment Stone Wall x4 |
| 40:32 | PSX | King · wall_segment Stone Wall x2 |
| 40:33 | PSX | King · wall_segment Stone Wall x2 |
| 40:34 | PSX | King · wall_segment Stone Wall x1 |
| 43:30 | PSX | King · first_building Siege Workshop |
| 43:48 | PSX | King · wall_segment Stone Wall x1 |
| 49:58 | PSX | King · wall_segment Stone Wall x4 |
| 51:21 | PSX | King · wall_segment Stone Wall x3 |
| 52:01 | Ringo_Bonavena · first_building Archery Range |
| 52:29 | PSX | King · resign |
[ AI ANALYSIS · 1 CREDIT ]
What really happened in this match?
Wolo.gg analyzes every decision: build order, eco, micro, common mistakes by bracket. Personalized analysis on WhatsApp or Discord in 30 seconds.
Civ guide
Poles
Perfil
Jugador #9733677